Map: Acid Plant LE

Players

PACMAN

  • Race: Zerg Zerg
  • League: Platinum
  • Spawn Location: 5:00

ILIEKEGGPIE - Winner!

  • Race: Protoss Protoss
  • League: Platinum
  • Spawn Location: 11:00

VOD

Have the link to the VOD?

Description

Time

  • Played on: April 26, 2018, 7:11 a.m.
  • Length: 7:30
Show
View Real Time Build Order
Export as new Build Order

PACMAN Zerg 

Build Orders: Pool First 

Get SALT Encoding   

  12  0:01  Drone  
  13  0:12  Overlord  
  13  0:18  Drone  
  14  0:33  Spawning Pool  
  13  0:38  Drone  
  14  0:47  Extractor  
  13  1:09  Hatchery  
  12  1:21  Zergling x4  
  14  1:32  Queen  
  16  1:47  Drone  
  16  1:48  Drone  
  18  1:54  Drone  
  19  2:01  Metabolic Boost  
  19  2:19  Drone x2  
  21  2:33  Overlord  
  21  2:39  Roach Warren  
  21  2:41  Zergling x4  
  22  3:17  Zergling x12  
  26  3:32  Zergling x2  
  26  3:33  Zergling x2  
  27  3:42  Roach  
  27  3:43  Roach  
  31  3:52  Roach x2  
  34  4:08  Roach  
  36  4:25  Overlord x2  
  36  4:26  Overlord x3  
  30  4:59  Ravager x4  
  33  5:04  Zergling x14  
  33  5:05  Zergling x2  
  28  5:38  Roach  
  28  5:39  Roach x5  
  40  6:01  Roach  
  42  6:14  Ravager  
  42  6:18  Zergling x8  
  30  6:45  Roach x3  
  28  6:55  Roach  
  28  6:56  Roach  
  28  6:58  Zergling x2  
Show
View Real Time Build Order
Export as new Build Order

ILIEKEGGPIE Protoss - Winner!

Build Orders:  

Get SALT Encoding   

  12  0:01  Probe  
  13  0:13  Probe  
  14  0:19  Pylon  
  14  0:23  Probe  
  15  0:33  Probe  
  15  0:42  Probe  
  16  0:43  Gateway  
  17  0:52  Assimilator  
  17  0:54  Probe  
  18  1:02  Pylon  
  18  1:06  Probe  
  19  1:19  Probe  
  19  1:24  Assimilator  
  20  1:28  Forge  
  20  1:31  Probe  
  21  1:36  Cybernetics Core  
  21  1:45  Probe  
  22  1:50  Gateway  
  22  1:53  Probe  
  23  2:08  Zealot, Warp Gate  
  25  2:22  Pylon  
  27  2:37  Zealot  
  27  2:42  Photon Cannon  
  27  2:43  Shield Battery  
  27  2:47  Stalker  
  29  2:53  Photon Cannon  
  29  3:21  Robotics Facility  
  29  3:35  Gateway  
  29  3:57  Immortal  
  33  4:14  Pylon  
  33  4:15  Shield Battery  
  33  4:18  Stalker  
  35  4:25  Pylon  
  35  4:32  Stalker  
  35  4:33  Sentry  
  37  4:58  Zealot x3  
  37  5:25  Stalker x3, Immortal  
  47  5:55  Stalker x2  
  51  5:58  Zealot  
  39  6:42  Zealot x3  
  35  7:04  Stalker x3  
Tags
 
Matchup
PvZ
Opening
Pool First
Replay Pack
Multi
Spawn Locations
Cross Positions
Add a new tag
Caveats
  • Supply blocks, unpowered buildings, or Contaminate may cause inaccurate times.
  • Supply counts are checked every 10 seconds.